Devils vs Avalanche

Created - January 27 2007 at 14:19

Goals
1 2 3 OT1 T
Devils 2 0 1 0 3
Avalanche 1 1 1 1 4
Shots
1 2 3 OT1 T
Devils 7 12 9 5 33
Avalanche 14 4 13 2 33

Period #1

1. Devils , Mike Comrie 10 (Brian Gionta) at 11:22
2. Avalanche , Joe Sakic 10 (Mike York) at 11:38
3. Devils , Chris Chelios 3 (Miroslav Satan, Scott Gomez) at 12:13

Penalities :
Ken Klee (COL) for Slashing (Double Minor) at 3:23, Ken Klee (COL) for Holding (Minor) at 7:51, Karlis Skrastins (COL) for Clipping (Minor) at 15:26

Period #2

4. Avalanche , Ales Kotalik 6 (Brett Clark, Pierre Turgeon) at 0:58

Penalities :
Zach Parise (NJD) for Boarding (Minor) at 4:44, Karlis Skrastins (COL) for Kneeing (Major) at 6:53, Tyler Arnason (COL) for Delaying the game (Minor) at 19:21

Period #3

5. Avalanche , Tyler Arnason 8 (Peter Bondra, Ken Klee) at 7:33
6. Devils , Jamie Langenbrunner 6 (Mike Ribeiro, Sergei Brylin) at 12:20

Penalities :
Ossi Vaananen (COL) for Slashing (Minor) at 7:52, Alexei Zhitnik (COL) for Checking from behind (Major) at 12:45, Jose Theodore (COL) for Slashing (Minor) at 13:43 - Jordan Leopold served the penalty.

Overtime #1

7. Avalanche , Joe Sakic 11 (Alexei Zhitnik) at 4:09

Penalities :
No Penalty

Goalie Stats

Martin Brodeur (NJD), 29 saves from 33 shots - (0.879), OTL, 14-6-3, 64:10 minutes
Jose Theodore (COL), 30 saves from 33 shots - (0.909), W, 11-8-0, 64:10 minutes

Players Stats

Devils
Player Name              G  A  P  +/- PIM S  H  SB FO MP 
-----------------------------------------------------------
Brad Lukowich            0  0  0   1  0   0  1  1  0  16 
Brian Gionta             0  1  1  -2  0   5  0  0  6  25 
Brian Rafalski           0  0  0   0  0   1  0  0  0  26 
Chris Campoli            0  0  0   0  0   0  2  1  0  18 
Chris Chelios            1  0  1   1  0   1  2  0  0  21 
Colin White              0  0  0  -1  0   0  2  1  0  24 
Jamie Langenbrunner      1  0  1   1  0   3  2  0  1  16 
Jay Pandolfo             0  0  0   1  0   0  0  0  0  8  
John Madden              0  0  0  -1  0   1  0  0  2  22 
Juraj Kolnik             0  0  0  -1  0   1  0  0  2  8  
Mike Comrie              1  0  1  -1  0   4  0  0  24 22 
Mike Ribeiro             0  1  1   1  0   3  0  0  0  16 
Miroslav Satan           0  1  1  -1  0   7  0  0  2  26 
Paul Martin              0  0  0  -2  0   1  0  0  0  25 
Richard Matvichuk        0  0  0  -1  0   0  1  0  0  6  
Scott Gomez              0  1  1   1  0   2  0  0  22 21 
Sergei Brylin            0  1  1   1  0   0  0  1  14 15 
Zach Parise              0  0  0  -1  2   4  1  0  12 18 
Avalanche
Player Name              G  A  P  +/- PIM S  H  SB FO MP 
-----------------------------------------------------------
Ales Kotalik             1  0  1   0  0   3  0  0  4  13 
Alexei Zhitnik           0  1  1   0  5   0  2  1  0  24 
Antti Laaksonen          0  0  0   0  0   2  0  0  0  18 
Brett Clark              0  1  1   0  0   1  0  2  0  26 
Brett McLean             0  0  0   0  0   0  0  1  6  11 
Jan Hrdina               0  0  0   1  0   2  1  0  0  14 
Joe Sakic                2  0  2   0  0   5  0  0  25 24 
Jordan Leopold           0  0  0  -1  0   0  1  1  0  24 
Karlis Skrastins         0  0  0   2  7   3  0  1  0  19 
Ken Klee                 0  1  1   1  6   0  2  0  0  15 
Marek Svatos             0  0  0  -1  0   3  0  0  2  14 
Mike York                0  1  1  -1  0   0  0  0  17 23 
Ossi Vaananen            0  0  0   0  2   0  1  4  0  21 
Peter Bondra             0  1  1   1  0   4  0  0  2  13 
Pierre Turgeon           0  1  1   0  0   2  0  0  13 11 
Steve Konowalchuk        0  0  0   0  0   1  1  0  0  7  
Tyler Arnason            1  0  1   1  2   3  0  0  16 13 
Vyacheslav Kozlov        0  0  0   1  0   4  1  0  0  23 

3 Stars

1 - Joe Sakic (COL)
2 - Jose Theodore (COL)
3 - Chris Chelios (NJD)

Power Play

Devils - 0 on 7 Attempt(s) - 0.00%
Avalanche - 0 on 1 Attempt(s) - 0.00%

Penalty Kill

Devils - 1 on 1 Attempt(s) - 100.00% - Score 0 goal in Penalty Kill
Avalanche - 7 on 7 Attempt(s) - 100.00% - Score 0 goal in Penalty Kill

Game Notes

No Game Note

Finance

Level 1 -- Attendance: 3628 (60.46%) -- Ticket Income $399,080.00
Level 2 -- Attendance: 3129 (62.58%) -- Ticket Income $219,030.00
Level 3 -- Attendance: 1099 (54.76%) -- Ticket Income $49,455.00
Level 4 -- Attendance: 2040 (51.00%) -- Ticket Income $61,200.00
Luxury Box -- Attendance: 693 (69.26%) -- Ticket Income $152,460.00
Game was played at the Pepsi Center
Total Attendance: 10589 (58.80%)
Total Ticket Income: $944,405.10
Other Expense: $88,371.40
Total Income: $856,034.00


Play by Play

Period #1

0:01 of 1st period - Scott Gomez wins face-off versus Joe Sakic in neutral zone.
0:15 of 1st period - Icing by Alexei Zhitnik.
0:16 of 1st period - Joe Sakic wins face-off versus Mike Comrie in Avalanche zone.
0:43 of 1st period - Shot by Joe Sakic.
0:43 of 1st period - Shot Hit the Post.
0:48 of 1st period - Shot by Marek Svatos.
0:48 of 1st period - Shot Misses the Net.
1:23 of 1st period - Shot by Pierre Turgeon.
1:23 of 1st period - Stopped by Martin Brodeur without a rebound.
1:24 of 1st period - Scott Gomez wins face-off versus Tyler Arnason in Devils zone.
1:37 of 1st period - Shot by Miroslav Satan.
1:37 of 1st period - Shot Misses the Net.
1:54 of 1st period - Shot by Scott Gomez.
1:54 of 1st period - Stopped by Jose Theodore without a rebound.
1:55 of 1st period - Brett McLean wins face-off versus Sergei Brylin in Avalanche zone.
2:18 of 1st period - Shot by Jamie Langenbrunner.
2:18 of 1st period - Shot Blocked by Alexei Zhitnik.
2:19 of 1st period - Shot by Jamie Langenbrunner.
2:19 of 1st period - Shot Blocked by Brett McLean.
3:23 of 1st period - Double Minor Penalty to Ken Klee for Slashing.
3:24 of 1st period - Mike Comrie wins face-off versus Mike York in Avalanche zone.
4:27 of 1st period - Shot by Miroslav Satan.
4:27 of 1st period - Shot Blocked by Ossi Vaananen.
4:28 of 1st period - Shot by Zach Parise.
4:28 of 1st period - Stopped by Jose Theodore without a rebound.
4:29 of 1st period - Mike York wins face-off versus Scott Gomez in Avalanche zone.
4:35 of 1st period - Icing by Chris Chelios.
4:36 of 1st period - Scott Gomez wins face-off versus Mike York in Devils zone.
7:25 of 1st period - Shot by Tyler Arnason.
7:25 of 1st period - Stopped by Martin Brodeur without a rebound.
7:26 of 1st period - Tyler Arnason wins face-off versus Sergei Brylin in Devils zone.
7:27 of 1st period - Shot by Jan Hrdina.
7:27 of 1st period - Stopped by Martin Brodeur without a rebound.
7:28 of 1st period - Tyler Arnason wins face-off versus Sergei Brylin in Devils zone.
7:28 of 1st period - Peter Bondra is hit by Jamie Langenbrunner and loses puck.
7:51 of 1st period - Minor Penalty to Ken Klee for Holding.
7:52 of 1st period - Joe Sakic wins face-off versus Scott Gomez in Avalanche zone.
8:49 of 1st period - Shot by John Madden.
8:49 of 1st period - Stopped by Jose Theodore without a rebound.
8:50 of 1st period - Mike Comrie wins face-off versus Mike York in Avalanche zone.
9:53 of 1st period - Shot by Peter Bondra.
9:53 of 1st period - Shot Misses the Net.
9:54 of 1st period - Shot by Jan Hrdina.
9:54 of 1st period - Shot Misses the Net.
9:57 of 1st period - Shot by Tyler Arnason.
9:57 of 1st period - Stopped by Martin Brodeur with a rebound.
10:02 of 1st period - Shot by Peter Bondra.
10:02 of 1st period - Stopped by Martin Brodeur without a rebound.
10:03 of 1st period - Tyler Arnason wins face-off versus Jamie Langenbrunner in Devils zone.
10:49 of 1st period - Icing by Mike Ribeiro.
10:50 of 1st period - Pierre Turgeon wins face-off versus Sergei Brylin in Devils zone.
11:01 of 1st period - Shot by Vyacheslav Kozlov.
11:01 of 1st period - Shot Misses the Net.
11:02 of 1st period - Shot by Pierre Turgeon.
11:02 of 1st period - Shot Blocked by Brad Lukowich.
11:03 of 1st period - Shot by Ales Kotalik.
11:03 of 1st period - Shot Blocked by Chris Campoli.
11:04 of 1st period - Shot by Ossi Vaananen.
11:04 of 1st period - Shot Misses the Net.
11:09 of 1st period - Shot by Ales Kotalik.
11:09 of 1st period - Shot Misses the Net.
11:10 of 1st period - Shot by Ossi Vaananen.
11:10 of 1st period - Stopped by Martin Brodeur without a rebound.
11:11 of 1st period - Mike Comrie wins face-off versus Marek Svatos in Devils zone.
11:22 of 1st period - Shot by Mike Comrie.
11:22 of 1st period - Goal by Mike Comrie.
11:23 of 1st period - Scott Gomez wins face-off versus Brett McLean in neutral zone.
11:34 of 1st period - Shot by Steve Konowalchuk.
11:34 of 1st period - Stopped by Martin Brodeur without a rebound.
11:35 of 1st period - Mike York wins face-off versus Mike Comrie in Devils zone.
11:38 of 1st period - Shot by Joe Sakic.
11:38 of 1st period - Goal by Joe Sakic.
11:39 of 1st period - Pierre Turgeon wins face-off versus Mike Comrie in neutral zone.
11:42 of 1st period - Shot by Vyacheslav Kozlov.
11:42 of 1st period - Stopped by Martin Brodeur without a rebound.
11:43 of 1st period - Joe Sakic wins face-off versus Scott Gomez in Devils zone.
12:04 of 1st period - Shot by Marek Svatos.
12:04 of 1st period - Shot Misses the Net.
12:11 of 1st period - Shot by Scott Gomez.
12:11 of 1st period - Stopped by Jose Theodore with a rebound.
12:12 of 1st period - Shot by Chris Chelios.
12:12 of 1st period - Shot Misses the Net.
12:13 of 1st period - Shot by Chris Chelios.
12:13 of 1st period - Goal by Chris Chelios.
12:14 of 1st period - Mike Comrie wins face-off versus Ales Kotalik in neutral zone.
12:23 of 1st period - Shot by John Madden.
12:23 of 1st period - Shot Misses the Net.
12:52 of 1st period - Shot by Pierre Turgeon.
12:52 of 1st period - Shot Misses the Net.
12:55 of 1st period - Shot by Vyacheslav Kozlov.
12:55 of 1st period - Stopped by Martin Brodeur without a rebound.
12:56 of 1st period - Zach Parise wins face-off versus Tyler Arnason in Devils zone.
12:58 of 1st period - Brian Rafalski is hit by Ken Klee and loses puck.
14:09 of 1st period - Joe Sakic is hit by Chris Campoli and loses puck.
14:25 of 1st period - Shot by Marek Svatos.
14:25 of 1st period - Stopped by Martin Brodeur with a rebound.
14:38 of 1st period - Shot by Sergei Brylin.
14:38 of 1st period - Shot Misses the Net.
14:39 of 1st period - Shot by Chris Campoli.
14:39 of 1st period - Shot Misses the Net.
15:25 of 1st period - Off-side.
15:26 of 1st period - Mike Comrie wins face-off versus Tyler Arnason in neutral zone.
15:26 of 1st period - Minor Penalty to Karlis Skrastins for Clipping.
15:27 of 1st period - Mike York wins face-off versus John Madden in neutral zone.
16:30 of 1st period - Shot by Zach Parise.
16:30 of 1st period - Stopped by Jose Theodore without a rebound.
16:31 of 1st period - Scott Gomez wins face-off versus Mike York in Avalanche zone.
16:46 of 1st period - Shot by Zach Parise.
16:46 of 1st period - Shot Blocked by Ossi Vaananen.
17:52 of 1st period - Peter Bondra is hit by Brad Lukowich and loses puck.
17:54 of 1st period - Shot by Karlis Skrastins.
17:54 of 1st period - Shot Blocked by Sergei Brylin.
17:55 of 1st period - Shot by Karlis Skrastins.
17:55 of 1st period - Stopped by Martin Brodeur without a rebound.
17:56 of 1st period - Mike Comrie wins face-off versus Brett McLean in Devils zone.
18:52 of 1st period - Pierre Turgeon is hit by Richard Matvichuk and loses puck.
19:02 of 1st period - Shot by Vyacheslav Kozlov.
19:02 of 1st period - Stopped by Martin Brodeur with a rebound.
19:05 of 1st period - Shot by Ales Kotalik.
19:05 of 1st period - Shot Misses the Net.
19:06 of 1st period - Shot by Brett Clark.
19:06 of 1st period - Stopped by Martin Brodeur with a rebound.
19:09 of 1st period - Shot by Ales Kotalik.
19:09 of 1st period - Shot Misses the Net.
19:40 of 1st period - Shot by Marek Svatos.
19:40 of 1st period - Shot Misses the Net.
19:44 of 1st period - Sergei Brylin is hit by Jordan Leopold and loses puck.

Period #2

0:01 of 2nd period - Joe Sakic wins face-off versus Scott Gomez in neutral zone.
0:04 of 2nd period - Shot by Joe Sakic.
0:04 of 2nd period - Shot Misses the Net.
0:15 of 2nd period - Shot by Jay Pandolfo.
0:15 of 2nd period - Shot Blocked by Jordan Leopold.
0:22 of 2nd period - Shot by Scott Gomez.
0:22 of 2nd period - Shot Misses the Net.
0:23 of 2nd period - Shot by Brian Rafalski.
0:23 of 2nd period - Shot Misses the Net.
0:26 of 2nd period - Shot by Scott Gomez.
0:26 of 2nd period - Shot Misses the Net.
0:29 of 2nd period - Shot by Miroslav Satan.
0:29 of 2nd period - Stopped by Jose Theodore without a rebound.
0:30 of 2nd period - Pierre Turgeon wins face-off versus Brian Gionta in Avalanche zone.
0:37 of 2nd period - Shot by Mike Comrie.
0:37 of 2nd period - Stopped by Jose Theodore without a rebound.
0:38 of 2nd period - Sergei Brylin wins face-off versus Peter Bondra in Avalanche zone.
0:45 of 2nd period - Shot by Mike Ribeiro.
0:45 of 2nd period - Stopped by Jose Theodore without a rebound.
0:46 of 2nd period - Pierre Turgeon wins face-off versus John Madden in Avalanche zone.
0:52 of 2nd period - Pierre Turgeon is hit by Colin White and loses puck.
0:58 of 2nd period - Shot by Ales Kotalik.
0:58 of 2nd period - Goal by Ales Kotalik.
0:59 of 2nd period - Tyler Arnason wins face-off versus Scott Gomez in neutral zone.
1:03 of 2nd period - Peter Bondra is hit by Chris Chelios and loses puck.
1:12 of 2nd period - Off-side.
1:13 of 2nd period - Mike Comrie wins face-off versus Mike York in neutral zone.
2:38 of 2nd period - Shot by Miroslav Satan.
2:38 of 2nd period - Stopped by Jose Theodore with a rebound.
3:11 of 2nd period - Shot by Sergei Brylin.
3:11 of 2nd period - Shot Blocked by Ossi Vaananen.
3:15 of 2nd period - Icing by Brett Clark.
3:16 of 2nd period - Sergei Brylin wins face-off versus Ales Kotalik in Avalanche zone.
3:20 of 2nd period - Icing by Ossi Vaananen.
3:21 of 2nd period - Mike Comrie wins face-off versus Pierre Turgeon in Avalanche zone.
3:27 of 2nd period - Mike Comrie is hit by Vyacheslav Kozlov and loses puck.
3:41 of 2nd period - Shot by Brian Gionta.
3:41 of 2nd period - Stopped by Jose Theodore with a rebound.
4:24 of 2nd period - Shot by Mike Ribeiro.
4:24 of 2nd period - Stopped by Jose Theodore without a rebound.
4:25 of 2nd period - Zach Parise wins face-off versus Tyler Arnason in Avalanche zone.
4:36 of 2nd period - Shot by Zach Parise.
4:36 of 2nd period - Shot Blocked by Karlis Skrastins.
4:44 of 2nd period - Minor Penalty to Zach Parise for Boarding.
4:45 of 2nd period - Joe Sakic wins face-off versus Juraj Kolnik in Devils zone.
5:20 of 2nd period - Shot by Marek Svatos.
5:20 of 2nd period - Shot Misses the Net.
6:02 of 2nd period - Icing by Karlis Skrastins.
6:03 of 2nd period - Joe Sakic wins face-off versus Juraj Kolnik in Avalanche zone.
6:09 of 2nd period - Off-side.
6:10 of 2nd period - Marek Svatos wins face-off versus Brian Gionta in neutral zone.
6:17 of 2nd period - Shot by Marek Svatos.
6:17 of 2nd period - Shot Misses the Net.
6:20 of 2nd period - Shot by Steve Konowalchuk.
6:20 of 2nd period - Shot Hit the Post.
6:51 of 2nd period - Shot by Peter Bondra.
6:51 of 2nd period - Stopped by Martin Brodeur with a rebound.
6:52 of 2nd period - Shot by Karlis Skrastins.
6:52 of 2nd period - Stopped by Martin Brodeur without a rebound.
6:53 of 2nd period - Sergei Brylin wins face-off versus Peter Bondra in Devils zone.
6:53 of 2nd period - Major Penalty to Karlis Skrastins for Kneeing.
6:54 of 2nd period - Joe Sakic wins face-off versus Mike Comrie in Devils zone.
7:00 of 2nd period - Vyacheslav Kozlov is hit by Colin White and loses puck.
7:26 of 2nd period - Shot by Brian Gionta.
7:26 of 2nd period - Shot Misses the Net.
7:43 of 2nd period - Shot by Scott Gomez.
7:43 of 2nd period - Shot Misses the Net.
7:44 of 2nd period - Shot by Brian Rafalski.
7:44 of 2nd period - Shot Blocked by Brett Clark.
8:41 of 2nd period - Shot by Mike Comrie.
8:41 of 2nd period - Stopped by Jose Theodore without a rebound.
8:42 of 2nd period - Joe Sakic wins face-off versus Scott Gomez in Avalanche zone.
10:45 of 2nd period - Shot by Zach Parise.
10:45 of 2nd period - Shot Misses the Net.
11:22 of 2nd period - Shot by Brian Gionta.
11:22 of 2nd period - Shot Misses the Net.
12:02 of 2nd period - Sergei Brylin is hit by Ken Klee and loses puck.
12:12 of 2nd period - Shot by Tyler Arnason.
12:12 of 2nd period - Shot Misses the Net.
12:13 of 2nd period - Shot by Karlis Skrastins.
12:13 of 2nd period - Stopped by Martin Brodeur without a rebound.
12:14 of 2nd period - Zach Parise wins face-off versus Ales Kotalik in Devils zone.
12:39 of 2nd period - Shot by Zach Parise.
12:39 of 2nd period - Shot Blocked by Ossi Vaananen.
12:40 of 2nd period - Shot by Brian Rafalski.
12:40 of 2nd period - Shot Blocked by Brett Clark.
12:41 of 2nd period - Shot by Brian Rafalski.
12:41 of 2nd period - Stopped by Jose Theodore without a rebound.
12:42 of 2nd period - Tyler Arnason wins face-off versus Sergei Brylin in Avalanche zone.
13:39 of 2nd period - Shot by Marek Svatos.
13:39 of 2nd period - Shot Misses the Net.
14:19 of 2nd period - Icing by Mike York.
14:20 of 2nd period - Joe Sakic wins face-off versus Scott Gomez in Avalanche zone.
14:35 of 2nd period - Shot by Miroslav Satan.
14:35 of 2nd period - Stopped by Jose Theodore without a rebound.
14:36 of 2nd period - Pierre Turgeon wins face-off versus Zach Parise in Avalanche zone.
14:48 of 2nd period - Juraj Kolnik is hit by Ossi Vaananen and loses puck.
15:09 of 2nd period - Icing by Richard Matvichuk.
15:10 of 2nd period - Zach Parise wins face-off versus Tyler Arnason in Devils zone.
15:32 of 2nd period - Icing by Richard Matvichuk.
15:33 of 2nd period - Brett McLean wins face-off versus Zach Parise in Devils zone.
15:47 of 2nd period - Brian Rafalski is hit by Steve Konowalchuk and loses puck.
16:39 of 2nd period - Shot by Tyler Arnason.
16:39 of 2nd period - Shot Hit the Post.
17:21 of 2nd period - Icing by Ossi Vaananen.
17:22 of 2nd period - Scott Gomez wins face-off versus Pierre Turgeon in Avalanche zone.
17:23 of 2nd period - Shot by Miroslav Satan.
17:23 of 2nd period - Shot Misses the Net.
17:26 of 2nd period - Shot by Miroslav Satan.
17:26 of 2nd period - Stopped by Jose Theodore without a rebound.
17:27 of 2nd period - Scott Gomez wins face-off versus Joe Sakic in Avalanche zone.
17:43 of 2nd period - Miroslav Satan is hit by Alexei Zhitnik and loses puck.
17:56 of 2nd period - Icing by Alexei Zhitnik.
17:57 of 2nd period - Mike Comrie wins face-off versus Joe Sakic in Avalanche zone.
18:08 of 2nd period - Shot by Mike Comrie.
18:08 of 2nd period - Stopped by Jose Theodore without a rebound.
18:09 of 2nd period - Pierre Turgeon wins face-off versus Sergei Brylin in Avalanche zone.
18:45 of 2nd period - Icing by Brett Clark.
18:46 of 2nd period - Mike Comrie wins face-off versus Pierre Turgeon in Avalanche zone.
19:02 of 2nd period - Off-side.
19:03 of 2nd period - Scott Gomez wins face-off versus Tyler Arnason in neutral zone.
19:21 of 2nd period - Minor Penalty to Tyler Arnason for Delaying the game.
19:22 of 2nd period - Mike York wins face-off versus Mike Comrie in Avalanche zone.
19:53 of 2nd period - Shot by Mike Comrie.
19:53 of 2nd period - Stopped by Jose Theodore without a rebound.
19:54 of 2nd period - Scott Gomez wins face-off versus Joe Sakic in Avalanche zone.

Period #3

0:01 of 3rd period - Joe Sakic wins face-off versus Scott Gomez in neutral zone.
0:01 of 3rd period - Brett Clark is hit by Zach Parise and loses puck.
2:13 of 3rd period - Shot by Antti Laaksonen.
2:13 of 3rd period - Stopped by Martin Brodeur without a rebound.
2:14 of 3rd period - Joe Sakic wins face-off versus Mike Comrie in Devils zone.
2:20 of 3rd period - Icing by John Madden.
2:21 of 3rd period - Mike Comrie wins face-off versus Pierre Turgeon in Devils zone.
3:12 of 3rd period - Shot by Marek Svatos.
3:12 of 3rd period - Stopped by Martin Brodeur with a rebound.
3:15 of 3rd period - Shot by Marek Svatos.
3:15 of 3rd period - Stopped by Martin Brodeur without a rebound.
3:16 of 3rd period - Tyler Arnason wins face-off versus Scott Gomez in Devils zone.
3:26 of 3rd period - Jan Hrdina is hit by Chris Chelios and loses puck.
3:50 of 3rd period - Shot by Miroslav Satan.
3:50 of 3rd period - Shot Misses the Net.
4:42 of 3rd period - Joe Sakic is hit by Jamie Langenbrunner and loses puck.
4:52 of 3rd period - Shot by Joe Sakic.
4:52 of 3rd period - Stopped by Martin Brodeur without a rebound.
4:53 of 3rd period - Pierre Turgeon wins face-off versus Mike Comrie in Devils zone.
5:54 of 3rd period - Shot by Joe Sakic.
5:54 of 3rd period - Stopped by Martin Brodeur without a rebound.
5:55 of 3rd period - Miroslav Satan wins face-off versus Brett McLean in Devils zone.
5:59 of 3rd period - Scott Gomez is hit by Alexei Zhitnik and loses puck.
7:07 of 3rd period - Shot by Jamie Langenbrunner.
7:07 of 3rd period - Stopped by Jose Theodore without a rebound.
7:08 of 3rd period - Tyler Arnason wins face-off versus Zach Parise in Avalanche zone.
7:33 of 3rd period - Shot by Tyler Arnason.
7:33 of 3rd period - Goal by Tyler Arnason.
7:34 of 3rd period - Joe Sakic wins face-off versus Sergei Brylin in neutral zone.
7:52 of 3rd period - Minor Penalty to Ossi Vaananen for Slashing.
7:53 of 3rd period - Mike York wins face-off versus Mike Comrie in Devils zone.
8:00 of 3rd period - Shot by Antti Laaksonen.
8:00 of 3rd period - Stopped by Martin Brodeur without a rebound.
8:01 of 3rd period - Mike York wins face-off versus Mike Comrie in Devils zone.
8:38 of 3rd period - Shot by Brian Gionta.
8:38 of 3rd period - Stopped by Jose Theodore with a rebound.
8:43 of 3rd period - Shot by Brian Gionta.
8:43 of 3rd period - Shot Misses the Net.
9:53 of 3rd period - Brian Gionta is hit by Jan Hrdina and loses puck.
10:32 of 3rd period - Tyler Arnason is hit by Chris Campoli and loses puck.
11:10 of 3rd period - Shot by Juraj Kolnik.
11:10 of 3rd period - Stopped by Jose Theodore without a rebound.
11:11 of 3rd period - Joe Sakic wins face-off versus Mike Comrie in Avalanche zone.
11:20 of 3rd period - Shot by Marek Svatos.
11:20 of 3rd period - Shot Blocked by Colin White.
11:21 of 3rd period - Shot by Karlis Skrastins.
11:21 of 3rd period - Shot Misses the Net.
11:36 of 3rd period - Shot by Marek Svatos.
11:36 of 3rd period - Shot Misses the Net.
11:41 of 3rd period - Shot by Joe Sakic.
11:41 of 3rd period - Stopped by Martin Brodeur without a rebound.
11:42 of 3rd period - Ales Kotalik wins face-off versus Scott Gomez in Devils zone.
11:43 of 3rd period - Shot by Pierre Turgeon.
11:43 of 3rd period - Stopped by Martin Brodeur without a rebound.
11:44 of 3rd period - Scott Gomez wins face-off versus Tyler Arnason in Devils zone.
11:51 of 3rd period - Shot by Peter Bondra.
11:51 of 3rd period - Stopped by Martin Brodeur without a rebound.
11:52 of 3rd period - Pierre Turgeon wins face-off versus Zach Parise in Devils zone.
11:57 of 3rd period - Shot by Ales Kotalik.
11:57 of 3rd period - Stopped by Martin Brodeur without a rebound.
11:58 of 3rd period - Tyler Arnason wins face-off versus Sergei Brylin in Devils zone.
11:59 of 3rd period - Shot by Peter Bondra.
11:59 of 3rd period - Stopped by Martin Brodeur without a rebound.
12:00 of 3rd period - Sergei Brylin wins face-off versus Pierre Turgeon in Devils zone.
12:19 of 3rd period - Shot by Mike Ribeiro.
12:19 of 3rd period - Shot Misses the Net.
12:20 of 3rd period - Shot by Jamie Langenbrunner.
12:20 of 3rd period - Goal by Jamie Langenbrunner.
12:21 of 3rd period - Mike Comrie wins face-off versus Mike York in neutral zone.
12:45 of 3rd period - Major Penalty to Alexei Zhitnik for Checking from behind.
12:46 of 3rd period - Scott Gomez wins face-off versus Mike York in Devils zone.
13:07 of 3rd period - Shot by Zach Parise.
13:07 of 3rd period - Stopped by Jose Theodore without a rebound.
13:08 of 3rd period - Joe Sakic wins face-off versus Mike Comrie in Avalanche zone.
13:23 of 3rd period - Shot by Brian Gionta.
13:23 of 3rd period - Stopped by Jose Theodore without a rebound.
13:24 of 3rd period - Scott Gomez wins face-off versus Joe Sakic in Avalanche zone.
13:43 of 3rd period - Shot by Miroslav Satan.
13:43 of 3rd period - Stopped by Jose Theodore without a rebound.
13:43 of 3rd period - Minor Penalty to Jose Theodore for Slashing.
13:44 of 3rd period - Mike Comrie wins face-off versus Joe Sakic in Avalanche zone.
14:24 of 3rd period - Off-side.
14:25 of 3rd period - Joe Sakic wins face-off versus Zach Parise in neutral zone.
14:42 of 3rd period - Shot by Scott Gomez.
14:42 of 3rd period - Shot Misses the Net.
15:14 of 3rd period - Off-side.
15:15 of 3rd period - Joe Sakic wins face-off versus Brian Gionta in neutral zone.
15:46 of 3rd period - Shot by Brian Gionta.
15:46 of 3rd period - Shot Misses the Net.
15:49 of 3rd period - Shot by Mike Comrie.
15:49 of 3rd period - Shot Misses the Net.
16:16 of 3rd period - Shot by Zach Parise.
16:16 of 3rd period - Shot Misses the Net.
17:52 of 3rd period - Off-side.
17:53 of 3rd period - Sergei Brylin wins face-off versus Tyler Arnason in neutral zone.
18:00 of 3rd period - Shot by Jamie Langenbrunner.
18:00 of 3rd period - Stopped by Jose Theodore with a rebound.
18:01 of 3rd period - Shot by Brad Lukowich.
18:01 of 3rd period - Shot Misses the Net.
18:02 of 3rd period - Shot by Chris Campoli.
18:02 of 3rd period - Stopped by Jose Theodore without a rebound.
18:03 of 3rd period - Brett McLean wins face-off versus Sergei Brylin in Avalanche zone.
19:18 of 3rd period - Shot by Peter Bondra.
19:18 of 3rd period - Stopped by Martin Brodeur with a rebound.
19:21 of 3rd period - Shot by Tyler Arnason.
19:21 of 3rd period - Shot Misses the Net.
19:22 of 3rd period - Shot by Karlis Skrastins.
19:22 of 3rd period - Shot Misses the Net.

Overtime #1

0:01 of 1st overtime period - Zach Parise wins face-off versus Joe Sakic in neutral zone.
0:04 of 1st overtime period - Shot by Scott Gomez.
0:04 of 1st overtime period - Shot Misses the Net.
0:10 of 1st overtime period - Icing by Vyacheslav Kozlov.
0:11 of 1st overtime period - Joe Sakic wins face-off versus Miroslav Satan in Avalanche zone.
1:16 of 1st overtime period - Shot by Zach Parise.
1:16 of 1st overtime period - Stopped by Jose Theodore without a rebound.
1:17 of 1st overtime period - Zach Parise wins face-off versus Mike York in Avalanche zone.
1:18 of 1st overtime period - Shot by Scott Gomez.
1:18 of 1st overtime period - Stopped by Jose Theodore without a rebound.
1:19 of 1st overtime period - Mike York wins face-off versus Zach Parise in Avalanche zone.
2:22 of 1st overtime period - Shot by Brian Gionta.
2:22 of 1st overtime period - Stopped by Jose Theodore without a rebound.
2:23 of 1st overtime period - Brian Gionta wins face-off versus Mike York in Avalanche zone.
2:24 of 1st overtime period - Shot by Miroslav Satan.
2:24 of 1st overtime period - Stopped by Jose Theodore without a rebound.
2:25 of 1st overtime period - Brian Gionta wins face-off versus Mike York in Avalanche zone.
2:40 of 1st overtime period - Shot by Paul Martin.
2:40 of 1st overtime period - Stopped by Jose Theodore without a rebound.
2:41 of 1st overtime period - Joe Sakic wins face-off versus Brian Gionta in Avalanche zone.
3:00 of 1st overtime period - Shot by Vyacheslav Kozlov.
3:00 of 1st overtime period - Stopped by Martin Brodeur with a rebound.
4:09 of 1st overtime period - Shot by Joe Sakic.
4:09 of 1st overtime period - Goal by Joe Sakic.


Output by the SimonT Hockey Simulator (STHS) for Stephane Roy -- Original Page W3C XHTML 1.0 Valid